 Dungeon Crawl Stone Soup version 0.17-a0-1497-g03599f7 (webtiles) character file.

189 mrath the Covert (level 5, -6/38 HPs)
             Began as a Vampire Assassin on July 6, 2015.
             Was an Initiate of Okawaru.
             Mangled by Grinder (9 damage)
             ... on level 4 of the Dungeon.
             The game lasted 00:34:13 (3489 turns).

mrath the Covert (Vampire Assassin)                 Turns: 3489, Time: 00:34:14

Health: -6/38      AC:  3    Str: 10    XL:     5   Next: 40%
Magic:  5/5        EV: 13    Int: 13    God:    Okawaru [......]
Gold:   236        SH:  0    Dex: 17    Spells: 0 memorised, 4 levels left

rFire  . . .     SeeInvis +     s - +2 short sword (speed)
rCold  . . .     Clarity  .     c - +0 robe
rNeg   + . .     SustAt   .     (no shield)
rPois  .         Gourm    .     (no helmet)
rElec  .         Spirit   .     d - +0 cloak
rCorr  .         Warding  .     (no gloves)
rMut   .         Stasis   .     (no boots)
MR     .....                    (no amulet)
Stlth  +++++.....               (no ring)
                                (no ring)

@: not resistant to hostile enchantments, quite stealthy
A: fangs 3, see invisible, unbreathing
a: Bat Form, Renounce Religion


You were on level 4 of the Dungeon.
You worshipped Okawaru.
Okawaru was noncommittal.
You were not thirsty.

You visited 1 branch of the dungeon, and saw 4 of its levels.

You collected 236 gold pieces.

Inventory:

Hand weapons
 a - a +2 dagger
 b - a +0 blowgun
 n - a +0 hunting sling
 o - a +0 mace of draining
 s - a +2 short sword of speed (weapon)
 y - a +0 great sword
Missiles
 e - 19 poisoned needles
 f - 2 curare-tipped needles
 i - 69 stones (quivered)
 k - 37 sling bullets
 l - 21 arrows of frost
 p - 55 bolts
Armour
 c - a +0 robe (worn)
 d - a +0 cloak (worn)
 m - a +0 robe
 q - a +0 cloak
 t - a +0 shield
 u - a +0 chain mail
 v - a +1 chain mail of poison resistance
Magical devices
 h - a wand of frost (41)
 x - a wand of lightning (11)
Scrolls
 j - a scroll of teleportation
 w - 2 scrolls of identify
Potions
 g - 18 potions of blood
 z - 2 potions of brilliance


   Skills:
 + Level 2.0 Fighting
 + Level 3.1 Short Blades
 + Level 2.0 Throwing
 + Level 2.9 Dodging
 + Level 8.2 Stealth


You had 4 spell levels left.
You didn't know any spells.

Dungeon Overview and Level Annotations

Branches:
Dungeon (4/15)
 Temple: D:4-7

Altars:
Gozag
Nemelex Xobeh
Okawaru
Ru
The Shining One

Annotations:
D:4 Grinder


Innate Abilities, Weirdness & Mutations

You have razor-sharp teeth.
You have supernaturally acute eyesight.
You can survive without breathing.


Message History

Grinder is heavily wounded.
You hit Grinder. You bite Grinder, but do no damage.
Grinder is severely wounded.
Grinder drinks a potion.
Grinder is healed!
You closely miss Grinder.
Grinder is heavily wounded.
Grinder misses you.
You hit Grinder. You bite Grinder.
Grinder is heavily wounded.
You hit Grinder. You bite Grinder, but do no damage.
Grinder is severely wounded.
Grinder gestures.
Grinder blinks!
You see here a ring mail.
You barely miss Grinder.
Grinder is severely wounded.
You hit Grinder.
Grinder is severely wounded.
Grinder hits you!
You die...

#..........## #.# #. #....
.....####...# #.# . #.##. .....
###.## #.# .. ##.... .....
#..####.# .# #...## ....
##..#..<##. ...#.## ####
######........#.## ###..##
####.................. ##..##.
##....#####.##.####..#####......
#..#### #...#..@.............###
#.#######.##..#5#######..#.#..##
##.#
#........##.[.###......##..#
...# #....[.######.........#
##.# ######<....### ####.....##
#.. ...........).### ####.....#
##. ############)..###........#
## ###<....###....# #
######..รท..# ....# #


You could see Grinder.

Vanquished Creatures
  Terence (D:3)
  A hound skeleton (D:4)
  An adder (D:3)
  3 gnolls (D:3)
  A white imp (D:4)
  3 oozes
  4 worms
  6 orcs
  7 bats
  A bat zombie (D:3)
  4 giant cockroaches
  8 hobgoblins
  3 jackals (D:2)
  3 quokkas
  2 giant geckos
  2 giant newts
  6 goblins
  A goblin skeleton (D:4)
  A goblin zombie (D:4)
  A hobgoblin zombie (D:4)
  10 kobolds
  A kobold skeleton (D:4)
  A kobold zombie (D:4)
  2 orc skeletons (D:4)
  An orc zombie (D:4)
  7 rats
81 creatures vanquished.

Notes
Turn   | Place    | Note
--------------------------------------------------------------
     0 | D:1      | mrath the Vampire Assassin began the quest for the Orb.
     0 | D:1      | Reached XP level 1. HP: 16/16 MP: 1/1
    68 | D:1      | Reached skill level 6 in Stealth
   374 | D:1      | Reached XP level 2. HP: 20/22 MP: 2/2
  1117 | D:2      | Reached XP level 3. HP: 14/27 MP: 3/3
  1493 | D:2      | Found a sacrificial altar of Ru.
  1502 | D:2      | Reached skill level 7 in Stealth
  1663 | D:2      | Found an opulent altar of Gozag.
  2362 | D:3      | Noticed Terence
  2369 | D:3      | Killed Terence
  2369 | D:3      | Reached XP level 4. HP: 33/33 MP: 4/4
  2448 | D:3      | Found an iron altar of Okawaru.
  2510 | D:3      | Became a worshipper of Warmaster Okawaru
  2596 | D:3      | Found a sparkling altar of Nemelex Xobeh.
  2651 | D:3      | Reached skill level 8 in Stealth
  2815 | D:3      | Reached XP level 5. HP: 38/38 MP: 5/5
  3070 | D:4      | Found a glowing golden altar of the Shining One.
  3430 | D:4      | Noticed Grinder
  3440 | D:4      | Paralysed by Grinder for 6 turns
  3489 | D:4      | Mangled by Grinder

Vault maps used:
D:1:      minmay_arrival_wavy_path, lemuel_another_geyser
D:2:      grunt_gozag_breadcrumbs, nicolae_ru_awakened_eye, first_bread,
          corexii_leaking_fountain
D:3:      old_standard_altar, lemuel_doored_altar, uniq_terence
D:4:      nicolae_tso_besieged_by_evil, minmay_temple_entry_poolview,
          okawaru_altar_gauntlet_db, uniq_grinder

Action                   |  1- 3 |  4- 6 || total
-------------------------+-------+-------++-------
Melee: Dagger            |   104 |       ||   104
       Short sword       |       |   118 ||   118
 Fire: Blowgun           |     7 |     9 ||    16
Throw: Stone             |    15 |    28 ||    43
  Use: Potion            |     7 |     6 ||    13
       Scroll            |     3 |     5 ||     8
 Stab: Sleeping          |    18 |     9 ||    27
       Distracted        |     1 |       ||     1
